 Dungeon Crawl Stone Soup version 0.30.0-10-gfe55d96785 (webtiles) character file.

Game seed: 2639622262244539232

8273 qw the Cleaver (level 11, -1/71 HPs)
             Began as a Gargoyle Cinder Acolyte on May 17, 2023.
             Was an Initiate of Okawaru.
             Slain by a fire elemental (4 damage)
             ... created by the fiery vengeance of Ignis
             ... on level 9 of the Dungeon.
             The game lasted 00:04:38 (8799 turns).

qw the Cleaver (Gargoyle Cinder Acolyte)            Turns: 8799, Time: 00:04:38

Health: -1/71      AC: 30    Str: 22    XL:     11   Next: 28%
Magic:  12/12      EV: 12    Int: 15    God:    Okawaru [......]
Gold:   413        SH:  0    Dex:  5    Spells: 12/12 levels left

rFire   . . .        Y - +3 war axe (drain)
rCold   . . .        (no shield)
rNeg    + . .        d - +0 plate armour
rPois   inf          p - +0 helmet
rElec   +            k - scarf {repulsion}
rCorr   .            m - +2 pair of gloves {hurl}
SInv    .            (no boots)
Will    .....        l - amulet of regeneration Stlth
                     i - +5 ring of evasion
HPRegen 1.11/turn    n - +4 ring of protection
MPRegen 0.13/turn

%: repel missiles
@: fire susceptible
A: sickness immunity, AC +8, negative energy resistance 1, electricity
resistance, torment resistance 1, petrification resistance
a: Renounce Religion


You were on level 9 of the Dungeon.
You worshipped Okawaru.
Okawaru was noncommittal.
You visited 1 branch of the dungeon, and saw 9 of its levels.
You also visited: Ossuary.

You collected 413 gold pieces.


Innate Abilities, Weirdness & Mutations

You are immune to sickness and miasma.
Your stone body is resilient. (AC +8)
You are immune to poison.
You resist negative energy. (rN+)
You are resistant to electric shocks. (rElec)
You are resistant to unholy torment.
You are immune to petrification.


   Skills:
 - Level 9.0 Fighting
 - Level 12.1 Axes
 - Level 1.0 Throwing
 + Level 8.9 Armour
 - Level 1.1 Dodging
 - Level 1.0 Spellcasting
 - Level 3.0 Fire Magic


You had 12 spell levels left.
You didn't know any spells.
Your spell library contained the following spells:

 Spells                   Type           Power      Damage    Failure   Level
 Scorch                   Fire           18%        2d6       83%         2

Inventory:

Hand Weapons
 a - a -1 hand axe of flaming
 Y - a +3 war axe of draining (weapon)
Missiles
 s - 3 boomerangs (quivered)
Armour
 d - a +0 plate armour (worn)
 k - a scarf of repulsion (worn)
 m - a +2 pair of gloves of hurling (worn)
 p - a +0 helmet (worn)
Jewellery
 i - a +5 ring of evasion (left hand)
 l - an amulet of regeneration (around neck)
 n - a +4 ring of protection (right hand)
Scrolls
 g - a scroll of identify
Potions
 c - 13 potions of curing
 e - a potion of might {unknown}
 f - a potion of resistance {unknown}
 h - a potion of attraction {unknown}
 j - 5 potions of haste
 r - a potion of mutation {unknown}

Dungeon Overview and Level Annotations

Branches:
Dungeon (9/15)             Temple (0/1) D:7         Ossuary (visited)
   Lair: D:8-11         Orc: D:9-12

Altars:
Cheibriados
Hepliaklqana
Okawaru
Qazlal
Sif Muna
Uskayaw
Vehumet
Wu Jian
The Shining One

Shops:
D:3 :


Message History

You closely miss the fire elemental.
The fire elemental is moderately damaged.
You miss the fire elemental.
The fire elemental hits you. x2; The fire elemental burns you!
You barely miss the fire elemental.
The fire elemental is moderately damaged.
You barely miss the fire elemental.
The fire elemental hits you. x2; The fire elemental burns you!
You slash the fire elemental!
The fire elemental is severely damaged.
You completely miss the fire elemental.
The fire elemental barely misses you. x2
You barely miss the fire elemental.
The fire elemental is severely damaged.
You slash the fire elemental! The fire elemental closely misses you.
The fire elemental hits you. The fire elemental closely misses you.
The fire elemental hits you. The fire elemental burns you!
8795 ||| DRINKING potion of heal wounds.
You feel much better. The fire elemental closely misses you.
The fire elemental hits you.
You slash the fire elemental!
You destroy the fire elemental!
That felt strangely unrewarding.
You closely miss the fire elemental. The fire elemental hits you.
The fire elemental burns you!
You closely miss the fire elemental.
The fire elemental is severely damaged.
You slash the fire elemental! The fire elemental hits you.
The fire elemental burns you! The fire elemental hits you.
The fire elemental burns you!
You barely miss the fire elemental.
The fire elemental is severely damaged.
You hit the fire elemental. The fire elemental hits you.
The fire elemental burns you! The fire elemental hits you.
The fire elemental burns you!
You barely miss the fire elemental.
The fire elemental is severely damaged.
You slash the fire elemental!
The fire elemental hits you. x2; The fire elemental burns you!
You die...

### #.. ... ..#
#.# #.. #.# #E#
#.# #.# #@# #.#
#.# #E# #.# #.#
#+# #0# #.# #.#
#.# #.# #.# #.#
#.#
#%###.###.######.#
#.............#...
#####..######.[...
###..######.#...
#.....#.........


You could see 2 fire elementals.

Vanquished Creatures
  An entropy weaver (shapeshifter) (D:8)
  A rakshasa (D:8)
  A tengu warrior (D:8)
  A two-headed ogre (D:8)
  Pikel (D:6)
  2 ugly things (D:8)
  A manticore (D:8)
  A cyclops (D:8)
  Grinder (D:3)
  Prince Ribbit (D:7)
  A hornet (D:9)
  A wraith (Ossuary)
  A shadow (D:8)
  Eustachio (D:6)
  2 wyverns
  3 fire elementals (D:9)
  Menkaure (D:7)
  3 water moccasins
  Duvessa (D:4)
  An ice beast (D:7)
  2 orc warriors (D:7)
  A sky beast (D:6)
  A black bear (D:8)
  3 lemures (D:6)
  A phantom (D:5)
  2 bullfrogs
  A kobold brigand (D:6)
  A scorpion (D:6)
  3 wights (D:9)
  Dowan (D:4)
  4 killer bees (D:8)
  A howler monkey (D:8)
  A quasit (D:5)
  3 hounds (D:5)
  A gnoll bouda (D:4)
  3 orc priests
  Jessica (D:3)
  4 iguanas
  7 orc wizards
  2 sleepcaps
  A mummy (Ossuary)
  9 gnolls
  2 adders
  3 shadow imps
  3 white imps
  4 ufetubi (D:5)
  2 worms
  4 dart slugs
  17 orcs
  6 bats
  4 endoplasms
  4 giant cockroaches
  5 goblins
  5 hobgoblins
  5 quokkas
  8 ball pythons
  A frilled lizard (D:1)
  9 gnoll skeletons (Ossuary)
  21 kobolds
  5 kobold skeletons (Ossuary)
  11 orc skeletons (Ossuary)
  7 rats
  A spectral kobold (D:5)
206 creatures vanquished.

Notes
Turn   | Place    | Note
-------+----------+-------------------------------------------
     0 | D:1      | qw the Gargoyle Cinder Acolyte began the quest for the Orb.
     0 | D:1      | Reached XP level 1. HP: 14/14 MP: 2/2
     0 | D:1      | 0 ||| qw: Version: 0.2-a-95-g4c1bab1
     0 | D:1      | 0 ||| qw: Game counter: 130
     0 | D:1      | 0 ||| qw: Always use a shield: true
     0 | D:1      | 0 ||| qw: God list: Okawaru
     0 | D:1      | 0 ||| qw: Allow faded altars: false
     0 | D:1      | 0 ||| qw: Do Orc after D:15 true
     0 | D:1      | 0 ||| qw: Do second Lair branch before Depths: true
     0 | D:1      | 0 ||| qw: Lair rune preference: random
     0 | D:1      | 0 ||| qw: Plans: Normal
     0 | D:1      | 0 ||| PLANNING D:1-11
    21 | D:1      | 21 ||| Stepping ~*~*~tactically~*~*~ (hiding).
    29 | D:1      | Reached skill level 3 in Axes
   161 | D:1      | Reached XP level 2. HP: 19/19 MP: 3/3
   179 | D:1      | 179 ||| Stepping ~*~*~tactically~*~*~ (stealth).
   369 | D:1      | Reached XP level 3. HP: 23/23 MP: 4/4
   440 | D:1      | 440 ||| Stepping ~*~*~tactically~*~*~ (stealth).
   571 | D:1      | 571 ||| SWAPPING to +0 war axe.
   710 | D:1      | 710 ||| Stepping ~*~*~tactically~*~*~ (hiding).
   711 | D:1      | 711 ||| Stepping ~*~*~tactically~*~*~ (hiding).
   720 | D:1      | Reached skill level 4 in Axes
   974 | D:1      | 974 ||| UPGRADING to +0 leather armour.
   984 | D:1      | 984 ||| DROPPING +0 robe.
   985 | D:1      | 985 ||| UPGRADING to +0 pair of gloves.
   990 | D:1      | 990 ||| UPGRADING to +0 ring mail.
  1000 | D:1      | 1000 ||| DROPPING +0 leather armour.
  1001 | D:1      | 1001 ||| READING 3 scrolls labelled DAULIOW JIDIFF.
  1002 | D:1      | 1002 ||| READING scroll labelled AMEOTE OXUHORI.
  1081 | D:2      | 1081 ||| INVOKING Fiery Armour.
  1084 | D:2      | 1084 ||| Stepping ~*~*~tactically~*~*~ (stealth).
  1127 | D:2      | 1127 ||| Stepping ~*~*~tactically~*~*~ (stealth).
  1128 | D:2      | 1128 ||| Stepping ~*~*~tactically~*~*~ (stealth).
  1229 | D:2      | Reached skill level 1 in Armour
  1399 | D:2      | 1399 ||| Stepping ~*~*~tactically~*~*~ (hiding).
  1406 | D:2      | Reached XP level 4. HP: 27/28 MP: 5/5
  1552 | D:2      | 1552 ||| Stepping ~*~*~tactically~*~*~ (stealth).
  1721 | D:2      | 1721 ||| Stepping ~*~*~tactically~*~*~ (hiding).
  2206 | D:2      | 2206 ||| READING scroll labelled NAMMOMNARCH.
  2207 | D:2      | 2207 ||| READING 2 scrolls labelled MUUGGOYTAKO.
  2208 | D:2      | 2208 ||| READING scroll of enchant weapon.
  2208 | D:2      | 2208 ||| ENCHANTING +1 war axe.
  2209 | D:2      | 2209 ||| DRINKING 2 yellow potions.
  2263 | D:2      | 2263 ||| DRINKING 2 fizzy ruby potions.
  2264 | D:2      | 2264 ||| READING 3 scrolls of identify.
  2264 | D:2      | 2264 ||| IDENTIFYING dark potion
  2265 | D:2      | 2265 ||| READING 2 scrolls of identify.
  2265 | D:2      | 2265 ||| IDENTIFYING silvery potion
  2266 | D:2      | 2266 ||| DROPPING potion of lignification.
  2267 | D:2      | 2267 ||| DROPPING potion of brilliance.
  2299 | D:3      | Noticed a bullfrog
  2308 | D:3      | Killed a bullfrog
  2309 | D:3      | Reached skill level 5 in Axes
  2309 | D:3      | Reached XP level 5. HP: 26/32 MP: 6/6
  2448 | D:3      | Found a radiant altar of Vehumet.
  2503 | D:3      | Noticed Grinder
  2509 | D:3      | 2509 ||| INVOKING Fiery Armour.
  2514 | D:3      | Killed Grinder
  2515 | D:3      | Reached XP level 6. HP: 21/41 MP: 7/7
  2626 | D:3      | 2626 ||| Stepping ~*~*~tactically~*~*~ (stealth).
  2671 | D:3      | 2671 ||| DRINKING 2 potions of curing.
  2671 | D:3      | 2671 ||| (to cure confusion)
  2683 | D:3      | 2683 ||| DRINKING potion of curing.
  2683 | D:3      | 2683 ||| (to cure confusion)
  2732 | D:3      | 2732 ||| INVOKING Fiery Armour.
  2891 | D:3      | Found Tiqyqeh's Book Emporium.
  2933 | D:3      | Found an ornate altar of the Wu Jian Council.
  2934 | D:3      | 2934 ||| Stepping ~*~*~tactically~*~*~ (stealth).
  3073 | D:3      | Noticed Jessica
  3084 | D:3      | Killed Jessica
  3085 | D:3      | Reached XP level 7. HP: 24/45 MP: 8/8
  3328 | D:3      | Found a shimmering blue altar of Sif Muna.
  3331 | D:3      | 3331 ||| INVOKING Fiery Armour.
  3555 | D:3      | 3555 ||| UPGRADING to +0 chain mail.
  3565 | D:3      | 3565 ||| DROPPING +0 ring mail.
  3566 | D:3      | 3566 ||| UPGRADING to +5 ring of evasion.
  3567 | D:3      | 3567 ||| READING scroll labelled LIDA JUSTRE.
  3568 | D:3      | 3568 ||| READING scroll labelled WURUKHL MYLOLA.
  3660 | D:4      | Found a hide-covered altar of Uskayaw.
  3797 | D:4      | 3797 ||| READING scroll of enchant weapon.
  3797 | D:4      | 3797 ||| ENCHANTING +2 war axe.
  3931 | D:4      | Found a glowing golden altar of the Shining One.
  3982 | D:4      | Noticed Duvessa
  3982 | D:4      | Noticed Dowan
  3983 | D:4      | 3983 ||| INVOKING Fiery Armour.
  3990 | D:4      | Killed Duvessa
  3991 | D:4      | Reached skill level 3 in Armour
  3994 | D:4      | HP: 9/45 [gnoll/+0 halberd[a gnoll bouda] (8)]
  3999 | D:4      | HP: 6/45 [gnoll/+0 spear[a gnoll bouda] (5)]
  4001 | D:4      | Killed Dowan
  4006 | D:4      | Reached skill level 6 in Axes
  4334 | D:4      | 4334 ||| UPGRADING to scarf of repulsion.
  4339 | D:4      | 4339 ||| UPGRADING to +4 ring of protection.
  4340 | D:4      | 4340 ||| READING scroll labelled DAANIE OZUVVUO.
  4341 | D:4      | 4341 ||| READING scroll labelled BEBI BUUDADA.
  4342 | D:4      | 4342 ||| READING scroll labelled HULOYN LAUCOUF.
  4343 | D:4      | 4343 ||| READING scroll labelled KEDOISE CUFAMP.
  4344 | D:4      | 4344 ||| READING scroll labelled PAZ YSCHYRCH.
  4366 | D:5      | Entered Level 5 of the Dungeon
  4500 | D:5      | 4500 ||| Stepping ~*~*~tactically~*~*~ (stealth).
  4518 | D:5      | 4518 ||| INVOKING Fiery Armour.
  4527 | D:5      | Reached XP level 8. HP: 51/51 MP: 9/9
  4559 | D:5      | 4559 ||| Stepping ~*~*~tactically~*~*~ (stealth).
  4561 | D:5      | 4561 ||| Stepping ~*~*~tactically~*~*~ (hiding).
  4705 | D:5      | Found an iron altar of Okawaru.
  4753 | D:5      | Reached skill level 7 in Axes
  4826 | D:5      | Found a hazy altar of Hepliaklqana.
  4935 | D:5      | Noticed a wyvern
  4944 | D:5      | Killed a wyvern
  4945 | D:5      | Reached skill level 8 in Axes
  5203 | D:5      | 5203 ||| UPGRADING to +2 pair of gloves of hurling.
  5213 | D:5      | 5213 ||| DROPPING +0 pair of gloves.
  5214 | D:5      | 5214 ||| UPGRADING to amulet of regeneration.
  5219 | D:5      | 5219 ||| DROPPING ring of resist corrosion.
  5220 | D:5      | 5220 ||| READING scroll labelled FYOGIS PELOYNTAQ.
  5224 | D:5      | 5224 ||| READING 2 scrolls of identify.
  5224 | D:5      | 5224 ||| IDENTIFYING red potion
  5225 | D:5      | 5225 ||| DROPPING potion of ambrosia.
  5273 | D:6      | Noticed Pikel
  5274 | D:6      | 5274 ||| Stepping ~*~*~tactically~*~*~ (stealth).
  5280 | D:6      | 5280 ||| INVOKING Fiery Armour.
  5295 | D:6      | Reached skill level 6 in Fighting
  5303 | D:6      | Killed Pikel
  5304 | D:6      | Reached skill level 6 in Armour
  5304 | D:6      | Reached XP level 9. HP: 50/55 MP: 10/10
  5357 | D:6      | 5357 ||| Stepping ~*~*~tactically~*~*~ (stealth).
  5413 | D:6      | Noticed Eustachio
  5426 | D:6      | 5426 ||| INVOKING Fiery Armour.
  5431 | D:6      | Killed Eustachio
  5492 | D:6      | 5492 ||| Stepping ~*~*~tactically~*~*~ (hiding).
  5629 | D:6      | 5629 ||| Stepping ~*~*~tactically~*~*~ (stealth).
  5630 | D:6      | 5630 ||| Stepping ~*~*~tactically~*~*~ (stealth).
  5637 | D:6      | 5637 ||| STAIRDANCE
  5876 | D:6      | 5876 ||| Stepping ~*~*~tactically~*~*~ (stealth).
  5886 | D:6      | 5886 ||| Stepping ~*~*~tactically~*~*~ (stealth).
  5917 | D:6      | 5917 ||| Stepping ~*~*~tactically~*~*~ (hiding).
  5918 | D:6      | 5918 ||| Stepping ~*~*~tactically~*~*~ (hiding).
  6074 | D:7      | 6074 ||| PLANNING OSSUARY
  6080 | D:7      | Reached skill level 9 in Axes
  6105 | D:7      | 6105 ||| Stepping ~*~*~tactically~*~*~ (hiding).
  6234 | D:7      | Found a staircase to the Ecumenical Temple.
  6287 | D:7      | Noticed Prince Ribbit
  6315 | D:7      | 6315 ||| Stepping ~*~*~tactically~*~*~ (stealth).
  6317 | D:7      | 6317 ||| Stepping ~*~*~tactically~*~*~ (hiding).
  6327 | D:7      | Noticed Menkaure
  6328 | D:7      | 6328 ||| INVOKING Fiery Armour.
  6329 | D:7      | 6329 ||| Stepping ~*~*~tactically~*~*~ (hiding).
  6330 | D:7      | 6330 ||| Stepping ~*~*~tactically~*~*~ (hiding).
  6332 | D:7      | 6332 ||| Stepping ~*~*~tactically~*~*~ (hiding).
  6333 | D:7      | 6333 ||| Stepping ~*~*~tactically~*~*~ (hiding).
  6341 | D:7      | Killed Menkaure
  6348 | D:7      | Killed Prince Ribbit
  6367 | D:7      | 6367 ||| Stepping randomly (disturbance).
  6415 | D:7      | 6415 ||| Stepping ~*~*~tactically~*~*~ (hiding).
  6610 | D:7      | 6610 ||| Stepping ~*~*~tactically~*~*~ (hiding).
  6748 | D:7      | Found a sand-covered staircase.
  6749 | D:7      | 6749 ||| DROPPING +6 ring of strength.
  6750 | D:7      | 6750 ||| READING scroll labelled FITOTE NIWONN.
  6759 | Ossuary  | Entered an ossuary
  6763 | Ossuary  | 6763 ||| INVOKING Fiery Armour.
  6888 | Ossuary  | 6888 ||| Stepping ~*~*~tactically~*~*~ (stealth).
  6890 | Ossuary  | 6890 ||| Stepping ~*~*~tactically~*~*~ (stealth).
  6983 | Ossuary  | 6983 ||| READING 2 scrolls of identify.
  6983 | Ossuary  | 6983 ||| IDENTIFYING sedimented ruby potion
  6984 | Ossuary  | 6984 ||| DROPPING potion of degeneration.
  6992 | D:7      | 6992 ||| PLANNING D:1-11
  7001 | D:7      | 7001 ||| INVOKING Fiery Armour.
  7101 | D:7      | Reached skill level 10 in Axes
  7176 | D:7      | Reached skill level 1 in Dodging
  7218 | D:7      | 7218 ||| UPGRADING to +0 plate armour.
  7228 | D:7      | 7228 ||| DROPPING +0 chain mail.
  7229 | D:7      | 7229 ||| UPGRADING to +0 helmet.
  7278 | D:8      | Reached XP level 10. HP: 63/63 MP: 11/11
  7424 | D:8      | Noticed a two-headed ogre
  7433 | D:8      | Killed a two-headed ogre
  7448 | D:8      | Found a snail-covered altar of Cheibriados.
  7591 | D:8      | Found a stormy altar of Qazlal.
  7900 | D:8      | Noticed an entropy weaver
  7902 | D:8      | 7902 ||| INVOKING Fiery Armour.
  7908 | D:8      | Killed an entropy weaver
  7909 | D:8      | Reached skill level 9 in Fighting
  7913 | D:8      | Noticed a white ugly thing
  7920 | D:8      | HP: 8/66 [white ugly thing (12)]
  7921 | D:8      | 7921 ||| READING scroll of teleportation.
  7922 | D:8      | 7922 ||| DRINKING 2 potions of heal wounds.
  8095 | D:8      | Noticed a manticore
  8096 | D:8      | 8096 ||| INVOKING Fiery Armour.
  8103 | D:8      | Killed a manticore
  8105 | D:8      | Killed a white ugly thing
  8147 | D:8      | Noticed a rakshasa
  8148 | D:8      | Found the +8 longbow "Zephyr" {speed, Dex+3 SInv}
  8150 | D:8      | Noticed a tengu warrior
  8160 | D:8      | Killed a tengu warrior
  8161 | D:8      | Reached skill level 11 in Axes
  8168 | D:8      | Noticed a cyclops
  8174 | D:8      | Killed a cyclops
  8177 | D:8      | Noticed a green ugly thing
  8189 | D:8      | Killed a green ugly thing
  8190 | D:8      | Reached XP level 11. HP: 71/71 MP: 12/12
  8223 | D:8      | Killed a rakshasa
  8224 | D:8      | Reached skill level 12 in Axes
  8321 | D:8      | 8321 ||| Stepping ~*~*~tactically~*~*~ (hiding).
  8326 | D:8      | 8326 ||| Stepping ~*~*~tactically~*~*~ (hiding).
  8428 | D:8      | 8428 ||| PLANNING OKAWARU WORSHIP
  8428 | D:8      | 8428 ||| READING scroll labelled ERHATAWNIHI.
  8429 | D:8      | 8429 ||| DRINKING 2 clear potions.
  8430 | D:8      | 8430 ||| DROPPING potion of flight.
  8551 | D:5      | Fell from the grace of Ignis
  8551 | D:5      | Became a worshipper of Warmaster Okawaru
  8552 | D:5      | 8552 ||| PLANNING D:1-11
  8692 | D:9      | 8692 ||| Stepping ~*~*~tactically~*~*~ (stealth).
  8705 | D:9      | Reached skill level 1 in Throwing
  8787 | D:9      | 8787 ||| DRINKING 14 potions of curing.
  8787 | D:9      | 8787 ||| (to cure confusion)
  8794 | D:9      | HP: 12/71 [fire elemental[the fiery vengeance of Ignis]
                  | (9)]
  8795 | D:9      | 8795 ||| DRINKING potion of heal wounds.
  8798 | D:9      | HP: 4/71 [fire elemental[the fiery vengeance of Ignis] (5)]
  8799 | D:9      | Slain by a fire elemental

Levels and vault maps discovered:
D:1:      minmay_arrival_stair_chambers, layout_basic
D:2:      layout_basic, minmay_misc_feat_doors
D:3:      layout_loops_ring, nicolae_wu_jian_glorious_leap,
          nicolae_sif_muna_little_library,
          mainiacjoe_overflow_concentric_impassable, serial_shops,
          shop_fountains, uniq_grinder, uniq_jessica
D:4:      layout_basic, lemuel_crystal_altar, tso_oasis_becter, uniq_duvessa
D:5:      layout_rooms, okawaru_ov_weapons_minmay,
          nicolae_hepliaklqana_monster_ancestors, serial_demonic,
          serial_demonic_e, serial_demonic_c, serial_demonic_f,
          serial_demonic_c, serial_demonic_f, dk_noncrumbling_3
D:6:      lemuel_ice_spiral_2, layout_basic, uniq_eustachio, uniq_pikel
D:7:      layout_loops_ring, temple_green, enter_ossuary_3, uniq_menkaure,
          uniq_prince_ribbit1
D:8:      layout_layer_cave, nicolae_overflow_crystal_walls,
          lemuel_doored_altar, minmay_evil_grid
D:9:      layout_loops_corners, kennysheep_mini_moat,
          due_lair_maze_entry_diamond, uniq_maggie

Skill      XL: |  1  2  3  4  5  6  7  8  9 10 11 |
---------------+----------------------------------+-----
Axes           | 3 4 5 6 8 10 11 12 | 12.1
Armour         | 1 3 6 8 |  8.9
Fighting       | 5 6 7 9 |  9.0
Dodging        | 1 |  1.1
Throwing       | 1 |  1.0
Spellcasting   | |  1.0
Fire Magic     | |  3.0

Action                     |  1- 3 |  4- 6 |  7- 9 | 10-12 || total
---------------------------+-------+-------+-------+-------++-------
  Melee: Hand axe          |    68 |       |       |       ||    68
         War axe           |    59 |   112 |   316 |   180 ||   667
         Punch             |       |       |       |     2 ||     2
  Throw: Boomerang         |       |       |       |     2 ||     2
 Invoke: Fiery Armour      |     1 |     2 |     8 |     2 ||    13
    Use: Scroll            |     2 |     5 |    12 |     2 ||    21
         Potion            |       |     4 |       |     4 ||     8
 Armour: Robe              |    24 |       |       |       ||    24
         Ring mail         |    26 |    73 |     4 |       ||   103
         Chain mail        |       |       |   158 |       ||   158
         Plate armour      |       |       |       |   167 ||   167
  Dodge: Dodged            |    62 |    54 |   200 |   128 ||   444
         Repelled          |       |       |     3 |     1 ||     4

Table legend:
 A = Non-vault XP
 B = Vault XP
 C = Vault XP percentage of total XP
 D = Non-vault monster count
 E = Vault monster count
 F = Vault count percentage of total count
                 A         B        C        D         E       F
            +---------+---------+-------+---------+---------+-------
      Total |    4639 |    7180 |  60.7 |     148 |      52 |  26.0
            +---------+---------+-------+---------+---------+-------
        D:1 |      57 |       0 |   0.0 |      24 |       0 |   0.0
        D:2 |      55 |       0 |   0.0 |      25 |       0 |   0.0
        D:3 |     168 |     341 |  67.0 |      19 |       2 |   9.5
        D:4 |     112 |     214 |  65.6 |      11 |       2 |  15.4
        D:5 |     704 |      93 |  11.7 |      13 |       8 |  38.1
        D:6 |     414 |     881 |  68.0 |      19 |       2 |   9.5
        D:7 |     842 |     466 |  35.6 |      17 |       2 |  10.5
        D:8 |    1598 |    4933 |  75.5 |      15 |       9 |  37.5
        D:9 |     689 |       0 |   0.0 |       5 |       0 |   0.0
    Ossuary |       0 |     252 | 100.0 |       0 |      27 | 100.0
            +---------+---------+-------+---------+---------+-------
